 Dungeon Crawl Stone Soup version 0.30-a0-964-gd452b5e7fa (webtiles) character file.

Game seed: 15191122927425702104

506 kae the Basher (level 6, -15/51 HPs)
             Began as a Minotaur Fighter on Mar 30, 2023.
             Demolished by a shadow (19 damage)
             ... on level 5 of the Dungeon.
             The game lasted 00:02:34 (4190 turns).

kae the Basher (Minotaur Fighter)                   Turns: 4190, Time: 00:02:34

Health: -15/51     AC:  6    Str: 29    XL:     6   Next: 97%
Magic:  5/5        EV:  9    Int:  5    God:
Gold:   169        SH:  5    Dex: 15    Spells: 5/5 levels left

rFire   . . .      SeeInvis .    a - +1 flail
rCold   . . .      Faith    .    c - +0 buckler
rNeg    . . .      Spirit   .    b - +0 scale mail
rPois   .          Reflect  .    (helmet restricted)
rElec   .          Rampage  .    (no cloak)
rCorr   .                        (no gloves)
Will    .....                    (no boots) Stlth
                                 (no amulet)
HPRegen 0.28/turn                S - +6 ring of strength
MPRegen 0.09/turn                D - +6 ring of dexterity

@: no status effects
A: horns 2, retaliatory headbutt
a: no special abilities


You were on level 5 of the Dungeon.
You visited 1 branch of the dungeon, and saw 5 of its levels.

You collected 169 gold pieces.


Innate Abilities, Weirdness & Mutations

You have a pair of horns on your head.
You reflexively headbutt those who attack you in melee.


   Skills:
 - Level 3.6 Fighting
 + Level 9.1 Maces & Flails
 - Level 3.6 Armour
 - Level 3.6 Shields


You had 5 spell levels left.
You didn't know any spells.
Your spell library contained the following spells:

 Spells                   Type           Power      Damage    Failure   Level
 Necrotise                Necr           0%         1d4       83%         1
 Sublimation of Blood     Necr           0%         N/A       92%         2
 Wereblood                Tmut           0%         N/A       92%         2
 Vampiric Draining        Necr           0%         2d6       99%         3
 Agony                    Necr           0%         N/A       100%        5
 Summon Hydra             Summ           0%         N/A       100%        7

Inventory:

Hand Weapons
 a - a +1 flail (weapon)
Missiles
 g - 7 poisoned darts (quivered)
 j - 31 stones
 m - 2 throwing nets {=f!f}
Armour
 b - a +0 scale mail (worn)
 c - a +0 buckler (worn)
Jewellery
 d - a +6 ring of dexterity
   (You took it off an orc on level 4 of the Dungeon)
 D - a +6 ring of dexterity (right hand)
   (You found it on level 2 of the Dungeon)
 S - a +6 ring of strength (left hand)
   (You took it off a kobold on level 2 of the Dungeon)
Wands
 l - a wand of light (2)
   (You found it on level 3 of the Dungeon)
Potions
 e - a potion of brilliance
 f - a potion of attraction {unknown}
 h - a potion of cancellation {unknown}
 i - a potion of haste {@q3}
 k - 2 potions of curing {@q1}
 n - a potion of might

Dungeon Overview and Level Annotations

Branches:
Dungeon (5/15) Zot: 25795
 Temple: D:4-7

Altars:
Elyvilon
Fedhas
Nemelex Xobeh
Sif Muna

+.............+>###
#.............#.#
#.............#.#
#.............#
#....)....#####
..........####
.............#
.##.########.##.##
#.....{@.......+
#..#######.##.##
#.# # #.. ####


There were no monsters in sight!


Message History

There is an open door here.
There is an open door here.
Key pressed, stopping explore.
Unknown command. 😎 HP[+4]
Your hp is fully restored (51).
There is an open door here.
There is an open door here.
There is an open door, spattered with blood here.
Things that are here:
a +0 hand axe; a +0 flail; a +0 ring mail Done exploring.
Done exploring.
No target in view!
No target in view!
Done exploring.
Done exploring.
Done exploring.
You aren't carrying any scrolls.
Unknown command.
Okay, then.
(D) Dungeon
Where to? (Enter - D:4, ? - help)
You see here a +1 heavy sling.
There is a stone staircase leading down here.
You climb downwards.
There is a stone staircase leading up here.
Okay, then.
Okay, then.
Found a stone staircase leading down.
Unknown command.
A scorpion comes into view.
A scorpion is nearby!
A scorpion is nearby!
A scorpion is nearby!
You sock the scorpion! You block the scorpion's attack.
You sock the scorpion! You block the scorpion's attack.
You barely miss the scorpion. You headbutt the scorpion.
You kill the scorpion!
No target in view!
No target in view!
No target in view!
Unknown command.
You now have 169 gold pieces (gained 6).
j - 31 stones (gained 4)
k - 2 potions of curing {@q1} (gained 1)
A scorpion comes into view.
Unknown command.
A scorpion is nearby!
A scorpion is nearby!
A scorpion is nearby!
A scorpion is nearby!
You closely miss the scorpion.
The scorpion stings you but does no damage.
You sock the scorpion! You headbutt the scorpion.
You kill the scorpion!
Your Maces & Flails skill increases to level 9!
A shadow comes into view.
The shadow slips into darkness.
The shadow flickers and vanishes!
Deactivating autopickup; reactivate with Ctrl-A.
No target in view!
No target in view!
There is a strange disturbance nearby!
No target in view!
No target in view!
There is a strange disturbance nearby!
Unknown command.
There is a strange disturbance nearby!
You closely miss something.
The shadow strikes at you from the darkness!
Ouch! That really hurt!
* * * LOW HITPOINT WARNING * * *
Reactivating autopickup. 😨 HP[-32]
You take 32 damage, and now have 19/51 hp.
MASSIVE DAMAGE!! (PAUSE)
You barely miss the shadow. The shadow hits you.
Okay, then.
You hit the shadow. You headbutt the shadow.
The shadow slips into darkness.
The shadow flickers and vanishes!
Deactivating autopickup; reactivate with Ctrl-A. 😨 HP[+1]
You miss something. Your headbutt misses something.
The shadow strikes at you from the darkness!
* * * LOW HITPOINT WARNING * * *
Reactivating autopickup.
Unknown command. 😱 HP[-17]
You take 17 damage, and now have 3/51 hp.
MASSIVE DAMAGE!! (PAUSE)
You hit the shadow. You headbutt the shadow!
The shadow slips into darkness.
The shadow flickers and vanishes!
Deactivating autopickup; reactivate with Ctrl-A.
Unknown command.
You closely miss something.
The shadow strikes at you from the darkness!
You die...

Skill      XL: |  1  2  3  4  5  6 |
---------------+-------------------+-----
Maces & Flails | 3 4 5 6 7 9 |  9.1
Fighting       | |  3.6
Armour         | |  3.6
Shields        | |  3.6

Action                     |  1- 3 |  4- 6 || total
---------------------------+-------+-------++-------
  Melee: Flail             |    99 |    93 ||   192
         Headbutt          |     5 |    19 ||    24
  Evoke: Wand              |       |     1 ||     1
    Use: Scroll            |     4 |     2 ||     6
         Potion            |       |     1 ||     1
 Armour: Scale mail        |    46 |    33 ||    79
  Dodge: Dodged            |    54 |    40 ||    94
  Block: Buckler           |    27 |    18 ||    45

Levels and vault maps discovered:
D:1:      amcnicky_arrival_underground_garden, layout_loops_ring
D:2:      layout_basic, chequers_ecumenical_altar_twisty
D:3:      minmay_diamond_boxcup, layout_basic, lemuel_round_altar,
          nicolae_sif_muna_little_library, mainiacjoe_overflow_paths
D:4:      layout_basic, mainiacjoe_overflow_boulevard
D:5:      layout_basic, uniq_ijyb

Notes
Turn   | Place    | Note
-------+----------+-------------------------------------------
     0 | D:1      | kae the Minotaur Fighter began the quest for the Orb.
     0 | D:1      | Reached XP level 1. HP: 19/19 MP: 0/0
     0 | D:1      | magus.rc [v1.11.3]
    84 | D:1      | You pick up a book of Necromancy and begin reading...
    84 | D:1      | You add the spells Necrotise, Vampiric Draining and Agony
                  | to your library.
    93 | D:1      | You pick up a book of Blood and begin reading...
    93 | D:1      | You add the spells Sublimation of Blood, Wereblood and
                  | Summon Hydra to your library.
   145 | D:1      | You fall into a shaft and drop 1 floor!
   185 | D:2      | Reached skill level 3 in Maces & Flails
   229 | D:2      | Reached XP level 2. HP: 14/26 MP: 1/1
   342 | D:2      | Identified the +0 leather armour "Caesk" {+Inv Dex+3}
   380 | D:2      | Found a faded altar of an unknown god.
   420 | D:2      | Reached skill level 4 in Maces & Flails
   527 | D:2      | Reached XP level 3. HP: 24/31 MP: 2/2
  1780 | D:3      | Reached skill level 5 in Maces & Flails
  2066 | D:3      | Reached XP level 4. HP: 38/39 MP: 3/3
  2199 | D:3      | Found a white marble altar of Elyvilon.
  2220 | D:3      | Found a sparkling altar of Nemelex Xobeh.
  2593 | D:3      | Found a shimmering blue altar of Sif Muna.
  2725 | D:4      | Found a blossoming altar of Fedhas.
  2732 | D:4      | Reached skill level 6 in Maces & Flails
  2798 | D:4      | Noticed a gnoll sergeant
  2886 | D:3      | Reached XP level 5. HP: 33/45 MP: 4/4
  3070 | D:4      | Reached skill level 7 in Maces & Flails
  3481 | D:4      | Reached XP level 6. HP: 35/51 MP: 5/5
  3656 | D:4      | Reached skill level 8 in Maces & Flails
  4147 | D:5      | Entered Level 5 of the Dungeon
  4176 | D:5      | Reached skill level 9 in Maces & Flails
  4181 | D:5      | Noticed a shadow
  4188 | D:5      | HP: 3/51 [something (17)]
  4190 | D:5      | Demolished by a shadow

Vanquished Creatures
  A phantom (D:4)
  A gnoll sergeant (D:4)
  2 scorpions (D:5)
  A jelly (D:4)
  An orc priest (D:4)
  An iguana (D:4)
  4 gnolls (D:3)
  5 adders
  An ufetubus (D:4)
  2 worms
  8 orcs (D:4)
  5 endoplasms
  A giant cockroach (D:3)
  4 goblins
  5 hobgoblins
  7 quokkas
  8 ball pythons
  6 bats
  2 frilled lizards
  2 kobolds
  3 rats
70 creatures vanquished.

Table legend:
 A = Non-vault XP
 B = Vault XP
 C = Vault XP percentage of total XP
 D = Non-vault monster count
 E = Vault monster count
 F = Vault count percentage of total count
                 A         B        C        D         E       F
            +---------+---------+-------+---------+---------+-------
      Total |     708 |      15 |   2.1 |      61 |       9 |  12.9
            +---------+---------+-------+---------+---------+-------
        D:1 |      19 |       0 |   0.0 |      11 |       0 |   0.0
        D:2 |      57 |       0 |   0.0 |      13 |       0 |   0.0
        D:3 |      91 |      15 |  14.2 |      16 |       9 |  36.0
        D:4 |     379 |       0 |   0.0 |      19 |       0 |   0.0
        D:5 |     162 |       0 |   0.0 |       2 |       0 |   0.0
            +---------+---------+-------+---------+---------+-------

Illustrated notes

Table legend:
 A = Kills in this place as a percentage of kills in the entire game.
 B = Kills by you in this place as a percentage of kills by you in the entire game.
 C = Kills by friends in this place as a percentage of kills by friends in the entire game.
 D = Other kills in this place as a percentage of other kills in the entire game.
 E = Experience gained in this place as a percentage of experience gained in the entire game.
 F = Experience gained in this place divided by the number of levels of this place that you have seen.
                   A       B       C       D       E      F
               +-------+-------+-------+-------+-------+----------------------
         Total | 100.0 | 100.0 |   N/A |   N/A | 100.0 | 144.6
       Dungeon | 100.0 | 100.0 |   N/A |   N/A | 100.0 | 144.6
               +-------+-------+-------+-------+-------+----------------------

Table legend: (Time is in decaauts)
 A = Elapsed time spent in this place.
 B = Non-inter-level travel time spent in this place.
 C = Inter-level travel time spent in this place.
 D = Time resting spent in this place.
 E = Time spent auto-exploring this place.
 F = Levels seen in this place.
 G = Mean time per level.
                   A        B        C        D        E       F      G
               +--------+--------+--------+--------+--------+-----+--------+
         Total |   4204 |   4012 |    192 |    353 |   3168 |   5 |  840.8 |
       Dungeon |   4204 |   4012 |    192 |    353 |   3168 |   5 |  840.8 |
               +--------+--------+--------+--------+--------+-----+--------+

Top non-repeatable levels by time:
     D:3: 1242 daAuts
     D:4: 1127 daAuts
     D:2: 931 daAuts
     D:1: 860 daAuts
     D:5: 42 daAuts
